cohdb
Replays
Latest Replays
All Replays
Popular Replays
Top Player Replays
Match Explorer
How It Works
Community
CoH3 Stats
Reddit
Sign in to upload your games and track your stats! →
Sign in with Steam
Match 46209388
Unlisted
Match 46209388
Overview
Messages
Build Orders
End
Construct Section Command Post
Infantry Section
Vickers Machine Gun Team
ML 3-inch Mortar Team
Infantry Section
Infantry Section
Construct Platoon Command Post
Humber Armored Car
Royal Engineer Section
6-pounder Anti-tank Gun Team
Selects Indian Artillery Battlegroup
Selects Artillery Saturation
Selects Off-map Airburst Barrage
Off-map Airburst Barrage
Selects Valour
Infantry Section
Grenade Package
Construct Field Infirmary
Infantry Training
derank c[o]mpany
Hurricane
Alloyzy Klex®
SEPH
0
0
Comments
sign in to comment!
No comments posted yet!